AoeStats
← ffff

Arena

509357087Analyzed
4v4 RM · 7d ago on Sep 26, 2026· 37m 9s· 8 players
Game mode
Random Map
Map size
Large (8 player)
Population
200
Speed
Normal
Resources
Standard
Victory
Conquest
Starting age
Dark Age
Ending age
Imperial Age
RankedLock teamsTeams togetherTeam positionsShared explorationLock speedFull tech treeHidden civsTurbo modeCheats
Victory
Defeat
🇨🇳 Khmer · China
1390
+12
🇧🇷 Italians · Brazil
1363
+13
🇮🇳 Malians · India
1361
+13
🇹🇼 Persians · Taiwan
1359
+13
🇫🇷 Lithuanians · France
1323
-14
🇻🇳 Koreans · Vietnam
1307
-13
🇻🇳 Persians · Vietnam
1300
-13
1260
-11
Ikill-you2827
10:41 Feudal Age
9:07 Loom
12:35 Double-Bit Axe
15:08 Castle Age
14:46 Horse Collar
16:22 Bow Saw
17:56 Wheelbarrow
18:02 Wheelbarrow
22:56 Gold Mining
29:38 Imperial Age
27:23 Hand Cart
26:54 Town Watch
27:11 Stone Mining
28:12 Scale Barding Armor
28:17 Forging
29:51 Bloodlines
29:42 Husbandry
30:08 Chain Barding Armor
30:23 Iron Casting
29:24 Pikeman
30:05 Squires
29:41 Cavalier
31:48 Plate Barding Armor
31:34 Halberdier
33:23 Scale Mail Armor
33:54 Elite Leitis
34:44 Tower Shields
35:05 Conscription
35:03 Chain Mail Armor
Сергей Петрович
9:59 Feudal Age
14:06 Castle Age
12:05 Double-Bit Axe
15:58 Wheelbarrow
18:59 Bow Saw
20:05 Gold Mining
22:51 Town Watch
23:25 Hand Cart
22:57 Loom
26:41 Imperial Age
26:47 Imperial Age
24:21 Horse Collar
24:58 Town Patrol
25:43 Fletching
25:53 Padded Archer Armor
26:35 Bodkin Arrow
27:23 Leather Archer Armor
26:32 Elite Skirmisher
28:04 Bracer
29:07 Chemistry
29:13 Ballistics
30:03 Scale Barding Armor
30:08 Forging
31:08 Gold Shaft Mining
31:45 Bloodlines
31:36 Husbandry
33:59 Ring Archer Armor
33:49 Chain Barding Armor
34:05 Iron Casting
34:00 Fortified Wall
nguyenkhang90
10:22 Feudal Age
14:15 Castle Age
12:35 Double-Bit Axe
14:53 Scale Mail Armor
16:29 Squires
19:54 Wheelbarrow
19:05 Loom
21:48 Wheelbarrow
29:28 Chain Mail Armor
31:43 Gold Mining
31:44 Stone Mining
31:33 Pikeman
32:31 Forging
36:31 Imperial Age
33:57 Fletching
35:10 Hand Cart
haingocvo96
9:35 Feudal Age
11:14 Double-Bit Axe
13:42 Castle Age
11:30 Horse Collar
12:14 Double-Bit Axe
14:31 Bow Saw
18:14 Heavy Plow
20:37 Husbandry
21:45 Bloodlines
24:59 Gold Mining
24:59 Stone Mining
26:29 Gold Shaft Mining
31:23 Imperial Age
28:58 Loom
29:49 Wheelbarrow
30:27 Forging
31:29 Scale Barding Armor
31:06 Heavy Camel Rider
32:29 Hand Cart
34:03 Iron Casting
33:48 Chain Barding Armor
ffff
10:23 Feudal Age
12:02 Double-Bit Axe
14:29 Castle Age
12:18 Horse Collar
15:32 Bow Saw
15:22 Heavy Plow
22:25 Wheelbarrow
22:51 Gold Mining
22:58 Gold Mining
26:36 Imperial Age
25:04 Fletching
25:15 Padded Archer Armor
25:43 Bodkin Arrow
25:48 Padded Archer Armor
25:47 Loom
26:28 Hand Cart
27:17 Bracer
27:33 Leather Archer Armor
27:39 Stone Mining
29:17 Chemistry
29:25 Conscription
29:41 Ring Archer Armor
30:49 Two-Man Saw
30:43 Elite Genoese Crossbowman
31:50 Town Watch
32:39 Thumb Ring
34:41 Crop Rotation
36:45 Stone Shaft Mining
36:23 Murder Holes
36:39 Masonry
36:52 Ballistics
36:28 Murder Holes
36:44 Masonry
rateezy
11:21 Feudal Age
15:19 Castle Age
13:22 Double-Bit Axe
13:47 Horse Collar
15:39 Wheelbarrow
16:29 Bow Saw
22:02 Hand Cart
21:33 Town Watch
22:21 Heavy Plow
23:40 Loom
23:47 Gold Mining
23:48 Stone Mining
27:35 Imperial Age
25:34 Scale Barding Armor
25:39 Forging
27:11 Chain Barding Armor
27:42 Bloodlines
27:32 Husbandry
28:09 Iron Casting
27:48 Cavalier
30:22 Plate Barding Armor
30:13 Conscription
30:21 Farimba
35:00 Treadmill Crane
35:42 Ballistics
36:22 Chemistry
35:33 Fortified Wall
35:18 Murder Holes
35:34 Masonry
35:26 Town Patrol
36:23 Devotion
chengaopeng044
0:41 Loom
0:41 Loom
10:46 Feudal Age
14:34 Castle Age
12:22 Double-Bit Axe
13:49 Bloodlines
15:00 Scale Barding Armor
16:14 Town Watch
19:24 Bow Saw
20:23 Forging
25:11 Horse Collar
26:25 Heavy Plow
27:12 Gold Mining
29:28 Wheelbarrow
30:13 Stone Mining
30:51 Hand Cart
31:09 Fletching
31:19 Padded Archer Armor
34:25 Kamandaran
34:59 Bodkin Arrow
35:06 Crossbowman
36:48 Thumb Ring
37:08 Ballistics
39:43 Imperial Age
蒜香骨
9:28 Feudal Age
13:23 Castle Age
11:46 Double-Bit Axe
14:59 Horse Collar
19:28 Bow Saw
20:12 Heavy Plow
21:36 Wheelbarrow
23:46 Bloodlines
23:37 Husbandry
26:35 Imperial Age
25:40 Scale Barding Armor
25:45 Forging
27:20 Chain Barding Armor
27:02 Loom
27:26 Gold Mining
28:03 Conscription
28:57 Plate Barding Armor
28:29 Light Cavalry
29:17 Tusk Swords
29:58 Iron Casting
29:58 Elite Battle Elephant
33:17 Blast Furnace
35:38 Hussar
Connection lost

Rejoining the realm…

Still unreachable

The connection could not be restored.

Session expired

The server has moved on; the page needs a fresh start.